[Event "September Lviv Tradition 2019"]
[Site "Lviv"]
[Date "2019.09.26"]
[Round "6.1"]
[White "Goikhman, Valentin"]
[Black "Prydun, Andriy"]
[Result "1-0"]
[ECO "B12"]
[WhiteElo "2295"]
[BlackElo "2273"]
[Annotator "NA"]
[PlyCount "57"]
[EventDate "2019.09.23"]
[EventType "tourn"]
[EventCountry "UKR"]
[SourceTitle "playchess.com"]
[Source "ChessBase"]
[SourceQuality "1"]
[TimeControl "5400+30"]

1. e4 c6 2. d4 d5 3. e5 Bf5 4. Nf3 e6 5. c4 Nd7 6. Nc3 Ne7 7. b3 Bg4 8. Be2 Nf5 9. O-O dxc4 10. bxc4 Nb6 11. c5 Nd5 12. Ne4 Be7 13. h3 Bxf3 14. Bxf3 O-O 15. Nd6 Bxd6 16. exd6 b6 17. Re1 bxc5 18. dxc5 Qa5 19. Bxd5 cxd5 20. g4 Nd4 21. Qxd4 Qxe1+ 22. Kg2 Rac8 23. d7 Rc6 24. Bd2 Qe2 25. Ba5 Qc2 26. d8=Q Rxd8 27. Bxd8 Rxc5 28. Bg5 h6 29. Rc1 1-0

[Event "September Lviv Tradition 2019"]
[Site "Lviv"]
[Date "2019.09.26"]
[Round "6.2"]
[White "Gavrish, Leonid"]
[Black "Siniauski, Artsiom"]
[Result "1/2-1/2"]
[ECO "A20"]
[WhiteElo "2022"]
[BlackElo "2233"]
[Annotator "NA"]
[PlyCount "97"]
[EventDate "2019.09.23"]
[EventType "tourn"]
[EventCountry "UKR"]
[SourceTitle "playchess.com"]
[Source "ChessBase"]
[SourceQuality "1"]
[TimeControl "5400+30"]

1. c4 e5 2. g3 Nf6 3. Bg2 d5 4. cxd5 Nxd5 5. Nf3 Nc6 6. O-O Nb6 7. Nc3 Be7 8. d3 O-O 9. Be3 Be6 10. a3 a5 11. Na4 Nxa4 12. Qxa4 Qd7 13. Rfc1 f6 14. Qb5 Bd6 15. Nd2 Nd8 16. Qxd7 Bxd7 17. Ne4 Bc6 18. Bc5 Bxc5 19. Nxc5 Bxg2 20. Kxg2 Rf7 21. f4 b6 22. Ne4 exf4 23. gxf4 Ne6 24. e3 f5 25. Ng5 Nxg5 26. fxg5 Rd8 27. Rc3 Rfd7 28. Rd1 c5 29. Kf3 Kf7 30. Kf4 Rd5 31. h4 Kg6 32. a4 R8d6 33. Rd2 h6 34. Rg2 Rxd3 35. gxh6+ Kxh6 36. Rxd3 Rxd3 37. Kxf5 Rxe3 38. Rg6+ Kh5 39. Rxb6 Kxh4 40. Rb5 g5 41. Rxa5 g4 42. Ra8 Re2 43. a5 Rxb2 44. a6 Ra2 45. a7 Kg3 46. Rg8 Rxa7 47. Rxg4+ Kf3 48. Rc4 Rc7 49. Ke5 {[%emt 0:00:13] Ke4+} 1/2-1/2

[Event "September Lviv Tradition 2019"]
[Site "Lviv"]
[Date "2019.09.26"]
[Round "6.3"]
[White "Rydstrom, Tom"]
[Black "Sevostianov, Pavel"]
[Result "1-0"]
[ECO "C41"]
[WhiteElo "2322"]
[BlackElo "2260"]
[Annotator "NA"]
[PlyCount "55"]
[EventDate "2019.09.23"]
[EventType "tourn"]
[EventCountry "UKR"]
[SourceTitle "playchess.com"]
[Source "ChessBase"]
[SourceQuality "1"]
[TimeControl "5400+30"]

1. e4 d6 2. d4 Nf6 3. Nc3 e5 4. Nf3 Nbd7 5. Bc4 Be7 6. O-O O-O 7. Re1 Nb6 8. Bf1 Nfd7 9. a4 a5 10. Be3 exd4 11. Nxd4 Nc5 12. g3 Bf6 13. Bg2 Re8 14. b3 Bd7 $16 15. Qd2 Qc8 16. Rad1 Bg4 17. f3 Bd7 18. Qf2 Qd8 19. f4 Qc8 20. Qf1 Re7 21. h3 Qe8 22. Qf2 Rd8 23. Ndb5 Bxb5 24. Nxb5 Nxe4 25. Bxe4 Rxe4 26. Nxc7 Qc6 27. Bxb6 Rxe1+ 28. Rxe1 1-0

[Event "September Lviv Tradition 2019"]
[Site "Lviv"]
[Date "2019.09.26"]
[Round "6.4"]
[White "Cherniaiev, Tykhon"]
[Black "Nester, Ihor"]
[Result "0-1"]
[ECO "C99"]
[WhiteElo "2112"]
[BlackElo "2383"]
[Annotator "NA"]
[PlyCount "166"]
[EventDate "2019.09.23"]
[EventType "tourn"]
[EventCountry "UKR"]
[SourceTitle "playchess.com"]
[Source "ChessBase"]
[SourceQuality "1"]
[TimeControl "5400+30"]

1. e4 e5 2. Nf3 Nc6 3. Bb5 a6 4. Ba4 Nf6 5. O-O Be7 6. Re1 b5 7. Bb3 d6 8. c3 O-O 9. h3 Na5 10. Bc2 c5 11. d4 Qc7 12. Nbd2 cxd4 13. cxd4 Nc6 14. d5 Nb4 15. Bb1 a5 16. a3 Na6 17. Bd3 Bd7 18. Qe2 Rab8 $11 19. Nf1 Nc5 20. b4 axb4 21. axb4 Nxd3 22. Qxd3 Rfc8 23. Bd2 Qc4 24. Qxc4 bxc4 25. Bc3 Ne8 26. Ra7 Rc7 27. Rxc7 Nxc7 28. Ne3 Nb5 29. Ba1 c3 30. Rc1 Nd4 31. Kh2 Ne2 32. Rc2 Bb5 33. Ng1 Nxg1 34. Kxg1 Bd3 35. Rxc3 Bxe4 36. Rc7 Bf8 37. Bc3 f5 38. f3 Bd3 39. Nc4 Bxc4 40. Rxc4 Rb5 41. f4 Rxd5 42. g4 Rd1+ 43. Kg2 d5 44. Rc8 d4 45. fxe5 dxc3 46. e6 Re1 47. gxf5 g6 48. b5 gxf5 49. b6 Kg7 50. b7 Bd6 51. Rxc3 Kf6 52. Rc6 Be5 53. Rc5 Bf4 54. Kf3 Re4 55. e7 Bh2 56. e8=Q Rxe8 57. Rc8 Kf7 58. Rc5 Ke6 59. Rc8 Kd7 60. Rc5 Rf8 61. Rc4 Bc7 62. Rh4 Rf7 63. Rc4 Rg7 64. Rb4 Bb8 65. Rc4 Kd6 66. Rb4 Kc6 67. Rh4 Rxb7 68. Rh5 Rf7 69. Rg5 Kd5 70. h4 Ke5 71. h5 Kf6 72. Rg8 Bc7 73. h6 Bd6 74. Rg1 Bf8 75. Rh1 Ra7 76. Rd1 Bxh6 77. Rd6+ Kg5 78. Rd8 Ra3+ 79. Kg2 Kg4 80. Rh8 Ra2+ 81. Kf1 Kf3 82. Kg1 Bf4 83. Rxh7 Ra1# 0-1

[Event "September Lviv Tradition 2019"]
[Site "Lviv"]
[Date "2019.09.26"]
[Round "6.5"]
[White "Vakulenko, Oleksandr"]
[Black "Frolov, Artur"]
[Result "1/2-1/2"]
[ECO "E83"]
[WhiteElo "2167"]
[BlackElo "2425"]
[Annotator "NA"]
[PlyCount "117"]
[EventDate "2019.09.23"]
[EventType "tourn"]
[EventCountry "UKR"]
[SourceTitle "playchess.com"]
[Source "ChessBase"]
[SourceQuality "1"]
[TimeControl "5400+30"]

1. d4 Nf6 2. c4 g6 3. Nc3 Bg7 4. e4 d6 5. f3 Nc6 6. Be3 O-O 7. Nge2 a6 8. Qd2 Re8 9. Rc1 Bd7 10. b3 e5 11. d5 Ne7 12. g4 h5 13. g5 Nh7 14. h4 c5 15. dxc6 Bxc6 16. Rd1 Qa5 $16 17. Qxd6 Rad8 18. Qc5 Rxd1+ 19. Kxd1 b5 20. Kc2 Bf8 21. Qb6 Qxb6 22. Bxb6 bxc4 23. bxc4 f6 24. Be3 fxg5 25. hxg5 Bd7 26. c5 Be6 27. Bh3 Bxh3 28. Rxh3 Nc6 29. Nd5 Kf7 30. Nec3 Nd4+ 31. Kd3 Bxc5 32. Na4 Ba7 33. Rh1 Nf8 34. f4 Nfe6 35. f5 gxf5 36. exf5 Nxg5 37. Bxg5 e4+ 38. Kc3 Nxf5 39. Rxh5 e3 40. Bf4 Ng7 41. Rh1 Re4 42. Nb2 Ke6 43. Bxe3 Bxe3 44. Nc7+ Kf5 45. Rf1+ Rf4 46. Rxf4+ Bxf4 47. Nxa6 Ne6 48. Kc4 Ke5 49. Kb5 Kd6 50. Nc4+ Kd7 51. Kb6 Bh2 52. Kb7 Nd8+ 53. Kb6 Bg1+ 54. Nc5+ Bxc5+ 55. Kxc5 Kc7 56. a4 Kb7 57. Kb5 Ne6 58. Nd6+ Ka7 59. Nf5 1/2-1/2

[Event "September Lviv Tradition 2019"]
[Site "Lviv"]
[Date "2019.09.26"]
[Round "7.1"]
[White "Frolov, Artur"]
[Black "Goikhman, Valentin"]
[Result "1-0"]
[ECO "B51"]
[WhiteElo "2425"]
[BlackElo "2295"]
[Annotator "NA"]
[PlyCount "109"]
[EventDate "2019.09.23"]
[EventType "tourn"]
[EventCountry "UKR"]
[SourceTitle "playchess.com"]
[Source "ChessBase"]
[SourceQuality "1"]
[TimeControl "5400+30"]

1. e4 c5 2. Nf3 d6 3. Bb5+ Nd7 4. c4 Ngf6 5. Nc3 g6 6. O-O Bg7 7. d3 O-O 8. Ba4 Ne5 9. Nxe5 dxe5 10. a3 Bd7 11. b4 Nh5 12. bxc5 Nf4 13. d4 Bxa4 14. Nxa4 Qxd4 15. Bxf4 exf4 16. Qxd4 Bxd4 17. Rab1 Rab8 18. Rb3 Rfc8 19. Rfb1 Rc7 20. Kf1 e5 21. f3 Kg7 22. Rb5 b6 23. Ke2 Ra8 24. R1b3 bxc5 25. Nc3 Bxc3 26. Rxc3 Rd8 27. Rd3 Rd4 28. Rxd4 exd4 29. g3 fxg3 30. hxg3 Rc6 31. e5 Ra6 32. Rxc5 Rxa3 33. Rd5 Re3+ 34. Kf2 g5 35. f4 g4 36. Rxd4 Rf3+ 37. Kg2 Rc3 38. f5 Re3 39. Rxg4+ Kf8 40. c5 Rxe5 41. Rc4 Ke8 42. g4 a5 43. Kf3 Kd7 44. Kf4 Rd5 45. Kg5 Kc6 46. Kf6 Rd7 47. Kg7 Kb5 48. Rc1 a4 49. g5 a3 50. f6 Kb4 51. Kxh7 a2 52. Kg8 Rd5 53. g6 Rxc5 54. Ra1 fxg6 55. Rxa2 1-0

[Event "September Lviv Tradition 2019"]
[Site "Lviv"]
[Date "2019.09.26"]
[Round "7.2"]
[White "Nester, Ihor"]
[Black "Vakulenko, Oleksandr"]
[Result "0-1"]
[ECO "A06"]
[WhiteElo "2383"]
[BlackElo "2167"]
[Annotator "NA"]
[PlyCount "84"]
[EventDate "2019.09.23"]
[EventType "tourn"]
[EventCountry "UKR"]
[SourceTitle "playchess.com"]
[Source "ChessBase"]
[SourceQuality "1"]
[TimeControl "5400+30"]

1. Nf3 d5 2. d4 e6 3. c4 c6 4. Qc2 Nf6 5. Nbd2 Nbd7 6. g3 b6 7. Bg2 Bb7 8. O-O Be7 9. e4 dxe4 10. Nxe4 O-O 11. Rd1 Nxe4 12. Qxe4 Qc8 13. Ng5 Nf6 14. Qe2 Rd8 15. Bh3 Kf8 16. Re1 Bb4 17. Bd2 Bxd2 18. Qxd2 h6 19. Bxe6 fxe6 20. Nxe6+ Kf7 21. Nxd8+ Qxd8 22. Qf4 Qd7 23. Re5 Rd8 24. Rae1 Kf8 25. Re6 Kf7 26. Qe5 Re8 27. Rxf6+ gxf6 28. Qh5+ Kf8 29. Qxh6+ Kg8 30. Qg6+ Kf8 31. Qxf6+ Kg8 32. Qg6+ Kf8 33. Rxe8+ Qxe8 34. Qxe8+ Kxe8 35. g4 Bc8 36. h3 Be6 37. b3 b5 38. cxb5 cxb5 39. f4 Bxb3 40. a3 a5 41. Kf2 b4 42. axb4 a4 0-1

[Event "September Lviv Tradition 2019"]
[Site "Lviv"]
[Date "2019.09.26"]
[Round "7.3"]
[White "Sevostianov, Pavel"]
[Black "Cherniaiev, Tykhon"]
[Result "1/2-1/2"]
[ECO "C25"]
[WhiteElo "2260"]
[BlackElo "2112"]
[Annotator "NA"]
[PlyCount "74"]
[EventDate "2019.09.23"]
[EventType "tourn"]
[EventCountry "UKR"]
[SourceTitle "playchess.com"]
[Source "ChessBase"]
[SourceQuality "1"]
[TimeControl "5400+30"]

1. e4 e5 2. Nc3 Nc6 3. g3 Bc5 4. Bg2 Nf6 5. Nge2 a6 6. O-O d6 7. d3 Be6 8. Be3 Bxe3 9. fxe3 Ne7 10. d4 Qd7 11. Qe1 Bh3 12. Rd1 Bxg2 13. Kxg2 Qg4 14. Qf2 O-O 15. h3 Qg6 16. Qf3 Nd7 17. g4 f5 18. Ng3 fxe4 19. Qxe4 Qxe4+ 20. Ngxe4 Rxf1 21. Rxf1 exd4 22. exd4 h6 23. Ng3 Nf6 24. Nf5 Nxf5 25. Rxf5 Re8 26. Kf2 Ne4+ 27. Nxe4 Rxe4 28. c3 g6 29. Rf3 Kg7 30. Re3 Rxe3 31. Kxe3 Kf6 32. Kf4 d5 33. h4 g5+ 34. hxg5+ hxg5+ 35. Ke3 Ke6 36. Kd3 b5 37. b4 Kd6 {[%emt 0:00:15] Ke4 Ke5+} 1/2-1/2

[Event "September Lviv Tradition 2019"]
[Site "Lviv"]
[Date "2019.09.26"]
[Round "7.4"]
[White "Siniauski, Artsiom"]
[Black "Rydstrom, Tom"]
[Result "1/2-1/2"]
[ECO "C97"]
[WhiteElo "2233"]
[BlackElo "2322"]
[Annotator "NA"]
[PlyCount "131"]
[EventDate "2019.09.23"]
[EventType "tourn"]
[EventCountry "UKR"]
[SourceTitle "playchess.com"]
[Source "ChessBase"]
[SourceQuality "1"]
[TimeControl "5400+30"]

1. e4 e5 2. Nf3 Nc6 3. Bb5 a6 4. Ba4 Nf6 5. O-O Be7 6. Re1 b5 7. Bb3 d6 8. c3 O-O 9. h3 Na5 10. Bc2 c5 11. d4 Qc7 12. Nbd2 Bd7 13. d5 c4 14. Nf1 Nb7 15. Ng3 Rfe8 16. Nh2 Nc5 17. Ng4 Nxg4 18. hxg4 Qd8 19. Be3 Rc8 20. Nf5 Bxf5 21. exf5 Bg5 22. Qd2 h6 23. g3 e4 24. Kg2 Re5 25. Qd4 Nd3 26. Re2 Bxe3 27. Rxe3 Rc5 28. Rxe4 Rcxd5 29. Qe3 Rxe4 30. Qxe4 Re5 31. Bxd3 Rxe4 32. Bxe4 Qg5 33. Rd1 Qxg4 34. f3 Qg5 35. Rxd6 h5 36. Kh3 a5 37. Rb6 Qc1 38. Rb8+ Kh7 39. f6+ g6 40. Kh4 Qh1+ 41. Kg5 Qh2 42. Bxg6+ fxg6 43. Rb7+ Kg8 44. Rb8+ Kf7 45. Rb7+ Ke8 46. Rb8+ Kd7 47. Kh6 Qxg3 48. Rb7+ Kc6 49. Re7 Qxf3 50. Kg7 Kd6 51. Re8 b4 52. cxb4 c3 53. bxc3 Qxc3 54. bxa5 Kc7 55. a6 Kb6 56. Re6+ Ka7 57. Kh7 Qc8 58. f7 Qxe6 59. f8=Q Qf5 60. Qe7+ Kxa6 61. Kh6 Kb6 62. Qb4+ Qb5 63. Qd4+ Qc5 64. Qb2+ Ka5 65. Kxg6 h4 66. Qh2 1/2-1/2

[Event "September Lviv Tradition 2019"]
[Site "Lviv"]
[Date "2019.09.26"]
[Round "7.5"]
[White "Prydun, Andriy"]
[Black "Gavrish, Leonid"]
[Result "0-1"]
[ECO "A58"]
[WhiteElo "2273"]
[BlackElo "2022"]
[Annotator "NA"]
[PlyCount "130"]
[EventDate "2019.09.23"]
[EventType "tourn"]
[EventCountry "UKR"]
[SourceTitle "playchess.com"]
[Source "ChessBase"]
[SourceQuality "1"]
[TimeControl "5400+30"]

1. d4 Nf6 2. c4 c5 3. d5 b5 4. cxb5 a6 5. bxa6 g6 6. Nf3 Bg7 7. g3 d6 8. Bg2 O-O 9. O-O Nxa6 10. Nc3 Bf5 11. Ne1 Qb6 12. e4 Bg4 13. f3 Bd7 14. Rb1 Ne8 15. Bd2 Nec7 16. Nc2 Rfb8 17. a3 Nb5 18. Ne2 Nd4 19. Ncxd4 cxd4 20. Kh1 Nc5 21. b4 Nd3 22. Nc1 Rxa3 23. Nxd3 Rxd3 24. Qc2 Ra3 25. Rfc1 f5 26. Qc7 Ra7 27. Qxb6 Rxb6 28. Ra1 Rbb7 29. Ra5 Rxa5 30. bxa5 Rb2 31. Bg5 d3 32. Bf1 d2 33. Rd1 Bc3 34. a6 fxe4 35. Bc4 Bd4 36. Bxd2 Ba4 37. Bc3 Bxc3 38. Ra1 Bd4 39. Rxa4 exf3 40. Ra1 Rb4 41. Rc1 Be3 42. a7 Bxa7 43. Ba6 Be3 44. Rf1 f2 45. Be2 Kf7 46. Kg2 e6 47. dxe6+ Kxe6 48. Ra1 d5 49. Kf3 Bc5 50. Rc1 Rb3+ 51. Kg2 Kd6 52. Rd1 Ke5 53. Bf3 Bd4 54. Rf1 Be3 55. Rd1 d4 56. Be2 Rb2 57. Bf1 Kd5 58. Kf3 Kc5 59. Kg2 Kb4 60. Rd3 Rb1 61. h3 h5 62. h4 Rc1 63. g4 hxg4 64. h5 gxh5 65. Kh2 Rxf1 0-1

[Event "September Lviv Tradition 2019"]
[Site "Lviv"]
[Date "2019.09.27"]
[Round "8.2"]
[White "Rydstrom, Tom"]
[Black "Prydun, Andriy"]
[Result "0-1"]
[ECO "C18"]
[WhiteElo "2322"]
[BlackElo "2273"]
[Annotator "NA"]
[PlyCount "86"]
[EventDate "2019.09.23"]
[EventType "tourn"]
[EventCountry "UKR"]
[SourceTitle "playchess.com"]
[Source "ChessBase"]
[SourceQuality "1"]
[TimeControl "5400+30"]

1. e4 e6 2. d4 d5 3. Nc3 Bb4 4. e5 c5 5. a3 Bxc3+ 6. bxc3 Ne7 7. Qg4 O-O 8. Bd3 f5 9. exf6 Rxf6 10. Bg5 Rf7 11. Qh5 g6 12. Qh4 Qa5 13. Bd2 c4 14. Be2 Nf5 15. Qg5 Nd6 16. Nf3 Ne4 17. Qh6 Nc6 18. h4 e5 19. h5 Bf5 20. Nh4 Nxd2 21. Qxd2 exd4 22. hxg6 Bxg6 23. Nxg6 hxg6 24. Rd1 Re8 25. Qh6 Qxc3+ 26. Kf1 d3 27. Qxg6+ Qg7 28. Qxg7+ Rxg7 29. cxd3 c3 30. Bf3 Rg5 31. Rc1 Nd4 32. Bh5 Nb3 33. Bxe8 Nxc1 34. f4 Rf5 35. g3 Nb3 36. Rh2 Nd4 37. Ba4 b5 38. Bd1 a5 39. Ra2 b4 40. axb4 axb4 41. Ra4 b3 42. Ke1 b2 43. Rb4 c2 0-1

[Event "September Lviv Tradition 2019"]
[Site "Lviv"]
[Date "2019.09.27"]
[Round "8.4"]
[White "Vakulenko, Oleksandr"]
[Black "Sevostianov, Pavel"]
[Result "0-1"]
[ECO "A40"]
[WhiteElo "2167"]
[BlackElo "2260"]
[Annotator "NA"]
[PlyCount "68"]
[EventDate "2019.09.23"]
[EventType "tourn"]
[EventCountry "UKR"]
[SourceTitle "playchess.com"]
[Source "ChessBase"]
[SourceQuality "1"]
[TimeControl "5400+30"]

1. d4 g6 2. c4 Bg7 3. Nc3 c5 4. d5 d6 5. e4 e6 6. Bd3 Ne7 7. h4 exd5 8. exd5 O-O 9. Nge2 Nd7 10. h5 Ne5 11. h6 Bh8 12. Bg5 a6 13. Ng3 f6 14. Bf4 f5 15. O-O Bf6 16. Qd2 Nxd3 17. Qxd3 g5 18. Bd2 Qe8 19. Rae1 Bd7 20. Qe2 f4 21. Nge4 Be5 22. Nxc5 f3 23. Qe3 fxg2 24. Qxg5+ Ng6 25. Qxg2 dxc5 26. f4 Bd4+ 27. Kh1 Qd8 28. Ne4 Qh4+ 29. Qh2 Qg4 30. Be3 Rae8 31. Bxd4 cxd4 32. c5 Bb5 33. Rf2 Qf5 34. Qg2 Bd3 0-1

[Event "September Lviv Tradition 2019"]
[Site "Lviv"]
[Date "2019.09.27"]
[Round "8.5"]
[White "Cherniaiev, Tykhon"]
[Black "Siniauski, Artsiom"]
[Result "1/2-1/2"]
[ECO "A05"]
[WhiteElo "2112"]
[BlackElo "2233"]
[Annotator "NA"]
[PlyCount "109"]
[EventDate "2019.09.23"]
[EventType "tourn"]
[EventCountry "UKR"]
[SourceTitle "playchess.com"]
[Source "ChessBase"]
[SourceQuality "1"]
[TimeControl "5400+30"]

1. Nf3 Nf6 2. c4 b6 3. g3 Bb7 4. Bg2 e6 5. O-O Be7 6. b3 O-O 7. Bb2 d5 8. Ne5 Nbd7 9. d4 c5 10. e3 Qc7 11. cxd5 Bxd5 12. Bxd5 exd5 13. Nxd7 Qxd7 14. Nc3 Qf5 15. Kg2 Rac8 16. dxc5 bxc5 17. Qf3 Qe6 18. Rfd1 Rfd8 19. Ne2 Qb6 20. Nf4 d4 21. exd4 cxd4 22. Ne2 Bc5 23. Rac1 Qa6 24. Bxd4 Bxd4 25. Rxd4 Qxa2 26. Rxc8 Rxc8 27. Ra4 Qc2 28. Rxa7 Qe4 29. Qxe4 Nxe4 30. Ra4 f5 31. Nd4 g6 32. Ra2 Rb8 33. Rc2 Kf7 34. h3 Kf6 35. h4 Rb7 36. h5 Ke5 37. Nf3+ Kd5 38. hxg6 hxg6 39. Nd2 Nc5 40. Ra2 Rb6 41. Ra5 Kd4 42. Nf3+ Kd5 43. Nh4 Kd4 44. b4 Nd3 45. b5 Ke4 46. Ra6 Rxb5 47. Ra4+ Rb4 48. Rxb4+ Nxb4 49. Nxg6 Nd5 50. f3+ Kd4 51. Kf2 Nf6 52. Ke2 Nh5 53. Kf2 Nf6 54. Kg2 Nh7 55. f4 {[%emt 0:00:53] Ke5} 1/2-1/2

[Event "September Lviv Tradition 2019"]
[Site "Lviv"]
[Date "2019.09.28"]
[Round "9.3"]
[White "Siniauski, Artsiom"]
[Black "Vakulenko, Oleksandr"]
[Result "1/2-1/2"]
[ECO "C70"]
[WhiteElo "2233"]
[BlackElo "2167"]
[Annotator "NA"]
[PlyCount "93"]
[EventDate "2019.09.23"]
[EventType "tourn"]
[EventCountry "UKR"]
[SourceTitle "playchess.com"]
[Source "ChessBase"]
[SourceQuality "1"]
[TimeControl "5400+30"]

1. e4 e5 2. Nf3 Nc6 3. Bb5 a6 4. Ba4 Nge7 5. O-O g6 6. c3 Bg7 7. d4 exd4 8. Nxd4 O-O 9. Be3 Ne5 10. Nd2 d5 11. h3 c5 12. N4f3 Nd3 13. Qb1 dxe4 14. Nxe4 Bf5 15. Ng3 Ne5 16. Qd1 Qxd1 17. Bxd1 Nd3 18. Bc2 c4 19. Rab1 Be6 20. Bd4 Nc6 21. Bxg7 Kxg7 22. Ne2 Bd5 23. Nfd4 Rfe8 24. Rfd1 Rad8 25. Rd2 Nxd4 26. Nxd4 Nf4 27. f3 Re5 28. Rbd1 Rde8 29. Kh2 Kf6 30. Kg3 Ne2+ 31. Nxe2 Rxe2 32. Ba4 Bc6 33. Bxc6 bxc6 34. Rd6+ R8e6 35. R1d2 Kf5 36. a3 Rxd6 37. Rxe2 Re6 38. Rd2 Ke5 39. Rd4 c5 40. Rxc4 Kd5 41. Rf4 f5 42. Kf2 c4 43. Rd4+ Kc5 44. g3 h5 45. Rd2 Kb5 46. Rd4 Rc6 47. Ke3 1/2-1/2

[Event "September Lviv Tradition 2019"]
[Site "Lviv"]
[Date "2019.09.28"]
[Round "9.4"]
[White "Prydun, Andriy"]
[Black "Cherniaiev, Tykhon"]
[Result "1-0"]
[ECO "A26"]
[WhiteElo "2273"]
[BlackElo "2112"]
[Annotator "NA"]
[PlyCount "89"]
[EventDate "2019.09.23"]
[EventType "tourn"]
[EventCountry "UKR"]
[SourceTitle "playchess.com"]
[Source "ChessBase"]
[SourceQuality "1"]
[TimeControl "5400+30"]

1. c4 e5 2. g3 Nc6 3. Bg2 g6 4. Nc3 Bg7 5. d3 d6 6. Rb1 Be6 7. b4 Qc8 8. b5 Nd8 9. Ba3 Ne7 10. c5 d5 11. c6 bxc6 12. Bxe7 Kxe7 13. bxc6 e4 14. Qb3 f5 15. Nxd5+ Kf7 16. Nh3 h6 17. dxe4 Nxc6 18. exf5 gxf5 19. O-O Nd4 20. Qd3 Rd8 21. Nhf4 c6 22. Nxe6 Qxe6 23. Rb7+ Kg8 24. Rxg7+ Kxg7 25. Qxd4+ Kf7 26. Rd1 Rd6 27. Rd3 Rad8 28. Qxa7+ R8d7 29. Qd4 cxd5 30. Re3 Qf6 31. Re5 Kg7 32. Qf4 Rf7 33. Bxd5 Rf8 34. Bf3 Re6 35. Ra5 Re7 36. Kg2 Rff7 37. h4 Ra7 38. Rc5 Rf8 39. Rc6 Qd8 40. Qxh6+ Kg8 41. Rg6+ Kf7 42. Rg7+ Ke8 43. Bc6+ Rd7 44. Qe6+ Qe7 45. Qxe7# 1-0